 Dungeon Crawl Stone Soup version 0.31-a0-217-g58bb5d7 (webtiles) character file.

Game seed: 5206544583819661986

128 Dawnplanks the Gusty (level 5, -2/28 HPs)
             Began as a Tengu Air Elementalist on July 2, 2023.
             Killed by nerve-wracking pain
             ... invoked by Menkaure
              (10 damage)
             ... on level 4 of the Dungeon.
             The game lasted 00:04:24 (3000 turns).

Dawnplanks the Gusty (Tengu Air Elementalist)       Turns: 3000, Time: 00:04:26

Health: -2/28      AC:  4    Str:  8    XL:     5   Next: 11%
Magic:  2/10       EV: 15    Int: 17    God:
Gold:   108        SH:  0    Dex: 15    Spells: 3/9 levels left

rFire   . . .        d - +0 club
rCold   + . .        (no shield)
rNeg    . . .        a - +0 robe
rPois   .            l - +2 hat
rElec   .            (no cloak)
rCorr   .            (no gloves)
SInv    .            (boots unavailable)
Will    .....        (no amulet)
Stlth   ++           o - +4 ring of slaying
HPRegen 0.24/turn    k - ring of protection from cold
MPRegen 0.12/turn

%: no passive effects
@: flying quickly and evasively, very slightly contaminated, quick
A: beak, talons 3, nimble flight
a: no special abilities


You were on level 4 of the Dungeon.
You visited 1 branch of the dungeon, and saw 4 of its levels.

You collected 108 gold pieces.

Inventory:

Hand Weapons
 d - a +0 club (weapon)
Armour
 a - a +0 robe (worn)
 l - a +2 hat (worn)
Jewellery
 j - a ring of resist corrosion
 k - a ring of protection from cold (right hand)
 o - a +4 ring of slaying (left hand)
Scrolls
 c - a scroll of torment {unknown}
 e - 2 scrolls of identify
 i - a scroll of blinking {unknown}
 m - a scroll of enchant weapon {unknown}
 p - a scroll of enchant armour {unknown}
 q - 2 scrolls of poison {unknown}
 u - a scroll of noise {unknown}
Potions
 b - a potion of magic
 f - a potion of mutation
 g - 3 potions of brilliance {unknown}
 h - 2 potions of berserk rage
 n - a potion of attraction {unknown}
 r - a potion of resistance {unknown}
 s - a potion of haste {unknown}
 t - a potion of enlightenment {unknown}


   Skills:
 + Level 0.3 Maces & Flails
 + Level 2.3 Dodging
 + Level 2.1 Stealth
 + Level 2.8 Spellcasting
 + Level 3.1 Conjurations
 + Level 5.8 Air Magic


You had 3 spell levels left.
You knew the following spells:

 Your Spells              Type           Power      Damage    Failure   Level
a - Shock                 Conj/Air       68%        1d7       2%          1
b - Swiftness             Air            22%        N/A       4%          3
c - Static Discharge      Conj/Air       34%        2-4/arc   4%          2

Your spell library contained the following spells:

 Spells                   Type           Power      Damage    Failure   Level
 Airstrike                Air            11%        2d(2-18)  16%         4


Dungeon Overview and Level Annotations

Branches:
Dungeon (4/15)
 Temple: D:4-7

Altars:
Cheibriados
Hepliaklqana
Ru
Vehumet

Annotations:
D:4 Menkaure


Innate Abilities, Weirdness & Mutations

You have a beak for a mouth.
You have claws for feet.
Your magical nature lets you fly swiftly and evasively.


Message History

Press: ? - help, Shift-Dir - straight line, f/p - Menkaure
Aim: Menkaure (lightly damaged, 86% to hit)
The zap hits Menkaure!
Menkaure is moderately damaged.
Menkaure calls on the powers of darkness!
Your body is wracked with pain!
* * * LOW HITPOINT WARNING * * *
Casting: Shock (safe; 2% risk of failure)
Confirm with . or Enter, or press ? or * to list all spells.
Aiming: Shock (safe; 2% risk of failure)
Press: ? - help, Shift-Dir - straight line, f/p - Menkaure
Aim: Menkaure (moderately damaged, 86% to hit)
You miscast Shock.
You are very lightly contaminated with residual magic.
Nothing appears to happen.
Unknown command.
Casting: Shock (safe; 2% risk of failure)
Confirm with . or Enter, or press ? or * to list all spells.
Aiming: Shock (safe; 2% risk of failure)
Press: ? - help, Shift-Dir - straight line, f/p - Menkaure
Aim: Menkaure (moderately damaged, 86% to hit)
The zap hits Menkaure.
Menkaure is heavily damaged.
Casting: Shock (safe; 2% risk of failure)
Confirm with . or Enter, or press ? or * to list all spells.
Aiming: Shock (safe; 2% risk of failure)
Press: ? - help, Shift-Dir - straight line, f/p - Menkaure
Aim: Menkaure (heavily damaged, 86% to hit)
The zap hits Menkaure.
Menkaure is severely damaged.
Casting: Shock (safe; 2% risk of failure)
Confirm with . or Enter, or press ? or * to list all spells.
Aiming: Shock (safe; 2% risk of failure)
Press: ? - help, Shift-Dir - straight line, f/p - Menkaure
Aim: Menkaure (severely damaged, 86% to hit)
The zap hits Menkaure.
Menkaure is almost destroyed.
Menkaure gestures at you while chanting.
Pain shoots through your body!
You die...

### #.#
##############.#
#...M.††.@.....#
#######.############.#
..........# #.#
#######r#.# #.#
..........# #.#
..........# #.#
..........# #.#
..........# #.#
.M........# #.#


You could see Menkaure.

Vanquished Creatures
  An orc priest (D:3)
  An orc wizard (D:3)
  An adder (D:3)
  A worm (D:3)
  A dart slug (D:4)
  6 orcs (D:3)
  3 bats
  3 endoplasms
  3 giant cockroaches
  4 goblins
  A hobgoblin (D:1)
  9 jackals
  3 quokkas
  7 ball pythons
  2 frilled lizards
  3 kobolds
  3 rats
52 creatures vanquished.

Notes
Turn   | Place    | Note
-------+----------+-------------------------------------------
     0 | D:1      | Dawnplanks the Tengu Air Elementalist began the quest for
                  | the Orb.
     0 | D:1      | Reached XP level 1. HP: 10/10 MP: 4/4
   280 | D:1      | Reached XP level 2. HP: 15/15 MP: 3/6
   753 | D:1      | Found a faded altar of an unknown god.
  1324 | D:2      | Reached XP level 3. HP: 14/19 MP: 2/7
  1712 | D:3      | Learned a level 3 spell: Swiftness
  1715 | D:3      | Learned a level 2 spell: Static Discharge
  1995 | D:3      | Reached skill level 5 in Air Magic
  2155 | D:3      | Found a faded altar of an unknown god.
  2159 | D:3      | Found a snail-covered altar of Cheibriados.
  2178 | D:3      | Found a radiant altar of Vehumet.
  2221 | D:3      | Reached XP level 4. HP: 24/24 MP: 5/8
  2476 | D:3      | Gained mutation: Your magical nature lets you fly swiftly
                  | and evasively. [Tengu growth]
  2476 | D:3      | Reached XP level 5. HP: 12/28 MP: 1/10
  2610 | D:3      | Found a sacrificial altar of Ru.
  2737 | D:4      | Found a hazy altar of Hepliaklqana.
  2979 | D:4      | Noticed Menkaure
  3000 | D:4      | Killed from afar by Menkaure

Illustrated notes

Levels and vault maps discovered:
D:1:      reono_arrival_mine, layout_basic,
          shapermc_ecumenical_altar_mp_vishouse
D:2:      layout_basic
D:3:      layout_basic, nicolae_ru_the_path_less_chosen,
          nicolae_vehumet_radiance, nicolae_overflow_ecumenical_swirl
D:4:      layout_basic, nicolae_qazlal_beasts_of_the_sky,
          mainiacjoe_overflow_small_starburst, uniq_menkaure

Skill      XL: |  1  2  3  4 |
---------------+-------------+-----
Conjurations   | 2 3 |  3.1
Air Magic      | 5 |  5.8
Maces & Flails | |  0.3
Dodging        | |  2.3
Stealth        | |  2.1
Spellcasting   | |  2.8

Action                     |  1- 3 |  4- 6 || total
---------------------------+-------+-------++-------
  Melee: Unarmed           |     2 |       ||     2
         Club              |    11 |     5 ||    16
         Punch             |     1 |       ||     1
         Kick              |     3 |     1 ||     4
         Peck              |       |     1 ||     1
   Cast: Shock             |    74 |    32 ||   106
    Use: Scroll            |       |     2 ||     2
 Armour: Robe              |     5 |     4 ||     9
  Dodge: Dodged            |     9 |     4 ||    13

Table legend: (Time is in decaauts)
 A = Elapsed time spent in this place.
 B = Non-inter-level travel time spent in this place.
 C = Inter-level travel time spent in this place.
 D = Time resting spent in this place.
 E = Time spent auto-exploring this place.
 F = Levels seen in this place.
 G = Mean time per level.
                   A        B        C        D        E       F      G
               +--------+--------+--------+--------+--------+-----+--------+
         Total |   2965 |   2903 |     62 |      0 |   2632 |   4 |  741.2 |
       Dungeon |   2965 |   2903 |     62 |      0 |   2632 |   4 |  741.2 |
               +--------+--------+--------+--------+--------+-----+--------+

Top non-repeatable levels by time:
     D:3: 1011 daAuts
     D:1: 976 daAuts
     D:2: 729 daAuts
     D:4: 247 daAuts
